Map: Orbital Shipyard

Players

MetalScrotum - Winner!

  • Race: Terran Terran
  • League: Gold

KINGMAN

  • Race: Terran Terran
  • League: Silver

VOD

Have the link to the VOD?

Description

Time

  • Played on: Nov. 27, 2015, 11:11 p.m.
  • Length: 19:41
Show
View Real Time Build Order
Export as new Build Order

MetalScrotum Terran - Winner!

Build Orders: 1/1/1, Liberator Opening 

Get SALT Encoding   

  12  0:03  SCV  
  13  0:15  SCV  
  13  0:18  Supply Depot  
  14  0:27  SCV  
  14  0:28  Refinery  
  15  0:39  SCV  
  16  0:46  Barracks  
  16  0:51  SCV  
  17  1:02  Refinery  
  17  1:03  SCV  
  18  1:15  SCV  
  19  1:34  Orbital Command  
  19  1:35  Factory  
  19  1:37  Marine  
  20  1:59  Barracks Tech Lab  
  20  2:03  SCV  
  21  2:16  SCV  
  22  2:24  Starport  
  22  2:29  SCV  
  23  2:40  Supply Depot  
  23  2:45  Liberator  
  23  3:01  Siege Tank, Marine  
  23  3:03  Supply Depot  
  23  3:05  SCV  
  31  3:16  Command Center  
  31  3:21  Barracks Reactor  
  31  3:25  SCV  
  32  3:30  Supply Depot  
  32  3:34  Siege Tank  
  35  3:37  SCV  
  35  3:39  Supply Depot  
  36  3:49  SCV  
  36  3:55  Starport Reactor  
  37  4:01  SCV  
  38  4:03  Supply Depot  
  38  4:04  Supply Depot  
  38  4:06  Marine x2  
  40  4:16  Liberator  
  39  4:21  Siege Tank  
  39  4:22  SCV  
  42  4:30  Marine  
  42  4:31  Marine  
  41  4:35  SCV  
  45  4:41  Supply Depot  
  45  4:43  Supply Depot  
  45  4:45  Orbital Command  
  45  4:52  Marine x2  
  44  4:54  SCV  
  45  5:00  Siege Tank  
  45  5:06  Supply Depot  
  48  5:12  Marine x2  
  50  5:18  Supply Depot  
  50  5:26  SCV, Supply Depot  
  51  5:30  SCV  
  51  5:31  Viking  
  51  5:32  Marine x2  
  56  5:38  SCV, Siege Tank  
  56  5:42  SCV  
  61  5:44  Supply Depot  
  61  5:51  Marine x2  
  61  5:53  SCV  
  64  5:58  Supply Depot  
  64  6:07  Command Center  
  64  6:24  SCV x2  
  66  6:27  Supply Depot  
  66  6:30  Marine x2  
  66  6:31  Siege Tank  
  66  6:32  Medivac x2  
  75  6:39  Barracks  
  75  6:40  SCV x2  
  75  6:45  Refinery  
  75  6:47  Refinery  
  77  6:52  SCV  
  78  7:00  SCV  
  79  7:04  SCV  
  80  7:11  Barracks, Marine x2  
  80  7:12  SCV  
  80  7:14  Cyclone  
  80  7:15  Medivac  
  88  7:17  SCV  
  89  7:25  SCV  
  90  7:34  SCV  
  90  7:35  Barracks  
  92  7:37  SCV  
  92  7:39  Barracks Tech Lab  
  92  7:40  Supply Depot  
  92  7:41  Marine x2  
  94  7:46  SCV  
  94  7:49  SCV  
  96  7:52  Siege Tank, Medivac  
  96  7:56  Orbital Command  
  101  8:01  Barracks Reactor  
  101  8:04  Barracks  
  101  8:06  SCV, Stimpack  
  101  8:07  SCV  
  103  8:21  Barracks  
  103  8:23  Barracks  
  103  8:25  SCV  
  103  8:26  SCV x2  
  106  8:27  Barracks, Marine x3  
  106  8:28  Marauder  
  106  8:29  Siege Tank  
  114  8:37  Engineering Bay  
  114  8:46  Engineering Bay  
  114  8:49  Armory, SCV x2  
  114  8:50  Armory, Marine x3  
  114  8:51  Marine  
  114  8:52  Marauder  
  122  9:18  Refinery  
  122  9:22  Marine x6  
  122  9:23  Marine  
  131  9:24  Hellion  
  131  9:26  Refinery, Medivac  
  133  9:35  Barracks  
  133  9:39  SCV x2  
  133  9:40  SCV  
  133  9:41  Marauder  
  141  9:45  Cyclone  
  141  9:50  Marine x2  
  141  9:51  Marine x3  
  141  9:52  Medivac  
  148  9:54  SCV x2  
  150  10:02  Marauder  
  150  10:04  SCV  
  150  10:05  Marine  
  150  10:06  SCV  
  155  10:08  Terran Infantry Weapons Level 1, Marine  
  155  10:11  Terran Infantry Armor Level 1  
  155  10:12  Terran Vehicle Weapons Level 1  
  155  10:14  Terran Vehicle And Ship Armor Level 1  
  156  10:17  Cyclone  
  159  10:24  Marauder  
  150  10:43  Command Center  
  150  10:46  Marine  
  132  11:05  Marine x4  
  132  11:06  Marine x5  
  132  11:07  Marine x2  
  132  11:08  Medivac x2  
  147  11:23  Supply Depot, Marine x2  
  147  11:24  Supply Depot  
  149  11:28  Supply Depot  
  149  11:31  Marine  
  149  11:32  Marine x4  
  154  11:33  Marauder  
  156  11:42  Command Center, Refinery  
  156  11:43  Barracks  
  156  11:44  Refinery  
  150  11:47  Barracks  
  121  11:55  Marine  
  106  12:08  Marine  
  106  12:09  Marine x9  
  106  12:11  Siege Tank, Medivac  
  106  12:12  Marine  
  106  12:14  SCV  
  117  12:26  Marine  
  117  12:28  Marauder  
  114  12:39  Marine x3  
  114  12:40  Marine x8  
  125  12:44  Marine  
  125  12:48  Marine  
  127  12:57  Marine x3  
  130  13:06  Marine x3  
  130  13:07  Marine x5  
  130  13:08  Marauder, Marine  
  141  13:15  Terran Vehicle Weapons Level 2  
  141  13:16  Terran Vehicle And Ship Armor Level 2  
  141  13:21  Orbital Command  
  141  13:26  Refinery  
  141  13:28  SCV  
  141  13:29  SCV, Refinery  
  141  13:30  Marauder  
  145  13:39  Siege Tank  
  145  13:40  Medivac x2  
  152  13:46  Marine x3  
  152  13:47  Marine x5  
  160  13:51  Marauder  
  160  13:55  Orbital Command  
  162  14:05  Marine x3  
  165  14:11  Siege Tank  
  165  14:13  Marauder  
  167  14:22  Barracks Tech Lab x5  
  167  14:23  Barracks Tech Lab  
  167  14:24  Marine x4  
  171  14:31  SCV  
  171  14:34  Marauder  
  168  14:54  Marauder x3  
  168  14:55  Marauder x3  
  168  14:56  Terran Infantry Weapons Level 2, Terran Infantry Armor Level 2  
  180  15:01  Barracks Tech Lab x2  
  180  15:12  Factory  
  180  15:13  Factory  
  180  15:25  Command Center  
  180  15:27  Refinery  
  137  15:54  Refinery, Orbital Command  
  137  15:55  Marine  
  137  15:56  Marauder, Marine  
  108  15:57  Marauder  
  108  16:01  Siege Tank  
  108  16:03  Marauder x3  
  108  16:04  Marauder  
  111  16:09  Factory Tech Lab x2  
  111  16:13  Factory  
  111  16:15  SCV  
  102  16:44  Terran Vehicle Weapons Level 3  
  102  16:45  Terran Ship Weapons Level 1  
  102  16:46  Marine x4  
  100  16:47  Marauder x3  
  100  16:48  Marauder x5  
  100  16:49  Marauder  
  114  17:03  Concussive Shells  
  114  17:04  Combat Shields, Orbital Command  
  114  17:08  Factory Tech Lab, Marauder  
  114  17:09  Marauder  
  114  17:10  Siege Tank  
  121  17:17  Orbital Command  
  121  17:27  Marine  
  121  17:28  Marine x3  
  121  17:29  Marauder x4  
  137  17:30  Marauder x3  
  137  17:31  Siege Tank x3, Marauder  
  150  17:46  Barracks  
  150  17:53  Refinery  
  150  17:54  Marine x2  
  150  17:55  Marine x2  
  150  17:56  Marauder x2  
  150  17:57  Refinery  
  158  18:03  Viking x2  
  147  18:30  Marine  
  147  18:31  Marauder  
  132  18:36  Marine x2  
  132  18:37  Marauder  
  132  18:39  Barracks  
  135  18:44  Marine x8  
  135  18:46  Siege Tank x4  
  155  18:52  Marauder  
  157  18:56  SCV  
  157  18:58  Marauder  
  170  19:03  Marauder x5  
Show
View Real Time Build Order
Export as new Build Order

KINGMAN Terran 

Build Orders:  

Get SALT Encoding   

  12  0:01  SCV  
  13  0:14  SCV  
  14  0:17  Supply Depot  
  14  0:26  SCV  
  14  0:28  Refinery  
  15  0:39  SCV  
  16  0:49  Barracks  
  16  0:51  SCV  
  17  1:03  SCV  
  18  1:06  Barracks  
  18  1:15  SCV  
  19  1:27  SCV  
  20  1:36  Supply Depot  
  20  1:38  Marine  
  21  1:41  Orbital Command  
  21  2:00  Factory  
  21  2:01  Marine x2  
  23  2:07  Refinery  
  23  2:18  Supply Depot, Marine  
  23  2:19  Marine  
  23  2:22  SCV  
  25  2:34  SCV  
  26  2:38  Marine x2  
  28  2:46  Factory Tech Lab  
  28  2:50  SCV  
  29  2:55  Supply Depot  
  29  2:56  Marine x2  
  31  3:02  SCV  
  32  3:14  SCV, Siege Tank  
  32  3:18  Supply Depot  
  36  3:27  SCV, Marine x2  
  39  3:39  SCV, Supply Depot  
  40  3:43  Barracks  
  40  3:45  Marine  
  40  3:46  Siege Tank  
  44  3:49  Marine  
  44  3:51  SCV  
  46  4:01  Supply Depot  
  46  4:03  Marine  
  46  4:04  SCV  
  46  4:07  Marine  
  49  4:16  SCV  
  46  4:30  Marine x2  
  47  4:48  Marine x2  
  49  4:57  SCV  
  50  5:00  Command Center  
  50  5:06  Marine  
  50  5:07  Barracks Tech Lab  
  51  5:09  SCV  
  49  5:24  Marine x2  
  51  5:38  Starport  
  51  5:40  Factory  
  51  5:41  Siege Tank, Marine x2  
  56  5:42  Marine  
  56  5:48  Combat Shields  
  57  5:53  SCV  
  58  5:59  Marine x2  
  58  6:00  Marine  
  61  6:13  Siege Tank, Orbital Command  
  61  6:16  Starport Reactor  
  61  6:17  Marine  
  65  6:27  Factory Tech Lab, Armory  
  65  6:43  Barracks Tech Lab  
  65  6:47  Orbital Command  
  65  7:00  Engineering Bay  
  65  7:07  Engineering Bay  
  65  7:16  Viking x2  
  65  7:18  Refinery  
  69  7:22  Refinery  
  69  7:23  SCV  
  70  7:35  SCV  
  70  7:36  Marine x3  
  74  7:40  Terran Infantry Armor Level 1  
  74  7:41  Terran Infantry Weapons Level 1  
  74  7:47  SCV  
  75  7:53  Marine  
  75  7:54  Marine x2  
  78  7:59  SCV  
  78  8:04  Missile Turret  
  79  8:09  Missile Turret  
  79  8:11  SCV, Marine  
  81  8:24  Command Center, Medivac x2  
  85  8:30  Marine  
  86  9:24  Supply Depot  
  86  9:25  Supply Depot  
  86  9:26  Supply Depot, Terran Vehicle Weapons Level 1  
  86  9:35  Thor, Siege Tank, SCV x2, Medivac x2  
  101  9:45  Marine  
  102  10:07  Siege Tank  
  105  10:16  Factory  
  105  10:21  Factory  
  85  11:01  Medivac x2  
  89  11:09  Factory Tech Lab x2  
  89  11:14  Refinery  
  89  11:18  Marauder x2, Marine  
  94  11:29  Orbital Command  
  94  11:31  Viking x2  
  98  11:35  Marine  
  98  11:37  Command Center  
  98  11:39  Marine x2  
  101  11:43  Barracks x3  
  99  11:47  Refinery  
  80  11:56  Marine  
  80  11:57  Marine  
  53  12:22  Siege Tank  
  53  12:23  Siege Tank x3, Marine  
  53  12:24  Marine x2  
  58  12:41  Marine x2  
  58  12:42  Marine  
  61  12:54  Siege Tank  
  61  12:55  Siege Tank x2  
  61  12:58  Orbital Command  
  68  12:59  Siege Tank, Marine x2  
  73  13:06  Medivac x2  
  75  13:22  SCV  
  75  13:26  Siege Tank  
  79  13:27  Siege Tank x2  
  79  13:30  Marine x3  
  79  13:31  Siege Tank  
  91  13:41  Refinery  
  91  13:44  Refinery  
  91  13:48  Marine x3  
  93  13:49  SCV  
  95  13:58  Thor  
  95  14:01  SCV  
  95  14:02  Thor  
  108  14:05  Viking, Marine  
  108  14:06  Viking  
  113  14:13  SCV  
  114  14:25  SCV  
  114  14:29  Marine x3  
  118  14:46  Marine x2  
  118  14:47  Marine  
  118  14:52  Hellion  
  125  14:53  Hellion  
  125  15:04  SCV, Hellion x2, Marine  
  131  15:14  Hellion x2  
  135  15:16  SCV  
  136  15:25  Hellion  
  136  15:28  SCV  
  139  15:32  Marine x2  
  141  15:42  Marine  
  141  15:43  SCV  
  102  15:50  Marine x2  
  102  15:55  SCV  
  91  16:00  Marine  
  76  16:13  Marine x2  
  76  16:18  Marine  
  78  16:20  Hellion x4  
  83  16:31  Marine x2  
  85  16:36  Marine  
  86  16:41  Hellion x4  
  92  16:49  Marine x2  
  92  16:54  Marine  
  95  17:02  Hellion  
  95  17:04  Command Center  
  95  17:06  Marine  
  95  17:07  Marine  
  99  17:11  Marine  
  99  17:14  SCV  
  101  17:21  SCV  
  102  17:24  Marine x2  
  102  17:26  SCV  
  105  17:33  SCV  
  106  17:38  SCV  
  106  17:43  Siege Tank  
  106  17:44  Siege Tank x2  
  113  17:45  SCV  
  113  17:50  SCV  
  118  17:57  SCV  
  119  18:09  SCV  
  75  18:41  Siege Tank x3  
  75  18:42  Siege Tank  
  81  18:55  Orbital Command  
Tags
 
Add a new tag
Caveats
  • Supply blocks, unpowered buildings, or Contaminate may cause inaccurate times.
  • Supply counts are checked every 10 seconds.